 Dungeon Crawl Stone Soup version 0.23.2-1-ga50397a6bc (webtiles) character file.

Game seed: 2380131477373583775

555 Freyura the Gusty (level 6, -3/46 HPs)
             Began as a Demigod Air Elementalist on Apr 26, 2019.
             Slain by an ogre
             ... wielding a +0 giant club
              (14 damage)
             ... on level 4 of the Dungeon.
             The game lasted 00:22:30 (4143 turns).

Freyura the Gusty (Demigod Air Elementalist)        Turns: 4143, Time: 00:22:30

Health: -3/46      AC:  5    Str: 11    XL:     6   Next: 81%
Magic:  14/14      EV: 10    Int: 23    God:
Gold:   200        SH:  4    Dex: 16    Spells: 8/12 levels left

rFire    . . .     SeeInvis +   (no weapon)
rCold    . . .     Gourm    .   (no shield)
rNeg     . . .     Faith    .   a - +1 robe
rPois    .         Spirit   .   (helmet restricted)
rElec    .         Reflect  +   (no cloak)
rCorr    .         Harm     .   (no gloves)
MR       .....                  (no boots)
Stlth    ++........             e - +4 amulet of reflection
HPRegen  0.15/turn              m - -3 ring of evasion (curse)
MPRegen  0.14/turn              n - ring of wizardry

@: lethally poisoned (-3 -> -5)
A: horns 1, iridescent scales 1, see invisible, high mp 1, wild magic 1
a: no special abilities


You were on level 4 of the Dungeon.
You were not hungry.

You visited 1 branch of the dungeon, and saw 4 of its levels.

You collected 200 gold pieces.

Inventory:

Armour
 a - a +1 robe (worn)
 j - a +0 robe of fire resistance
Jewellery
 e - a +4 amulet of reflection (around neck)
 h - an uncursed amulet of guardian spirit
 i - an uncursed amulet of the gourmand
 m - a cursed -3 ring of evasion (left hand)
 n - a ring of wizardry (right hand)
Wands
 d - a wand of polymorph (4)
Scrolls
 g - a scroll of fog
 l - 2 scrolls of identify
 r - a scroll of fear
Potions
 b - a potion of magic {unknown}
 f - a potion of curing
 k - a potion of berserk rage
 o - a potion of haste
 p - a potion of agility
 q - a potion of resistance {unknown}
Comestibles
 c - 3 rations


   Skills:
 + Level 0.3 Fighting
 + Level 2.4 Dodging
 + Level 1.8 Stealth
 + Level 0.9 Unarmed Combat
 + Level 3.6 Spellcasting
 + Level 3.1 Conjurations
 + Level 5.1 Air Magic


You had 8 spell levels left.
You knew the following spells:

 Your Spells              Type           Power        Failure   Level  Hunger
a - Shock                 Conj/Air       ####         1%          1    None
b - Static Discharge      Conj/Air       ####....     4%          3    ###....

Your spell library contained the following spells:

 Spells                   Type           Power        Failure   Level  Hunger
 Swiftness                Chrm/Air       ###.....     4%          2    #......
 Airstrike                Air            #####.....   8%          4    ####...
 Lightning Bolt           Conj/Air       ####......   28%         5    ######.


Dungeon Overview and Level Annotations

Branches:
Dungeon (4/15)
 Temple: D:4-7


Innate Abilities, Weirdness & Mutations

You have an increased reservoir of magic. (+10% MP)
You have a pair of small horns on your head.
You are partially covered in iridescent scales. (AC +2)
You have supernaturally acute eyesight. (SInv)
Your spells are a little harder to cast, but a little more powerful.


Message History

A scorpion is nearby!
The scorpion stings you but does no damage.
An ogre comes into view. It is wielding a +0 giant club.
The scorpion stings you.
You are poisoned.
The scorpion poisons you!
You feel sick. The scorpion misses you.
An orc comes into view.
You feel sick. The scorpion barely misses you.
The orc shouts!
The scorpion stings you! The scorpion barely misses you.
You feel sick. The scorpion closely misses you.
The ogre hits you with a +0 giant club.
The scorpion stings you but does no damage.
You feel sick. The ogre hits you with a +0 giant club! The scorpion stings you!
* * * LOW HITPOINT WARNING * * *
You block the orc's attack. The ogre hits you with a +0 giant club!
You die...

.#....<..#..........
#.#.......#......##
#.......#........#
##.....##.#.....##
..........###...#
.#.........##...#
.#........$##.....
%.......o.......#.#
......s@O#......###
.........#..##...
...$....†...# ..
............# #
............#
..............
...............
...............#
...............


You could see an ogre, a scorpion and an orc.

Vanquished Creatures
  Grinder (D:3)
  3 jellies (D:2)
  Jessica (D:3)
  Natasha (twice) (D:2)
  4 gnolls (D:2)
  4 adders
  9 oozes (D:2)
  A worm (D:2)
  3 dart slugs
  2 leopard geckos
  A giant cockroach (D:3)
  9 goblins
  9 hobgoblins
  5 jackals
  9 kobolds
  A quokka (D:3)
  6 bats
  6 frilled lizards
  A leopard gecko skeleton (D:2)
  4 rats
81 creatures vanquished.

Vanquished Creatures (others)
  A fungus (D:2)
  10 toadstools (D:2)
11 creatures vanquished.

Grand Total: 92 creatures vanquished

Notes
Turn   | Place    | Note
-------+----------+-------------------------------------------
     0 | D:1      | Freyura the Demigod Air Elementalist began the quest for
                  | the Orb.
     0 | D:1      | Reached XP level 1. HP: 14/14 MP: 5/5
   255 | D:1      | Reached skill level 3 in Air Magic
   321 | D:1      | Reached XP level 2. HP: 9/20 MP: 0/7
   530 | D:1      | Reached skill level 1 in Conjurations
   916 | D:2      | Noticed Natasha
  1123 | D:2      | Reached XP level 3. HP: 26/26 MP: 4/8
  1186 | D:2      | Killed Natasha
  1490 | D:2      | Learned a level 3 spell: Static Discharge
  1771 | D:2      | Reached XP level 4. HP: 24/33 MP: 6/10
  1887 | D:2      | Found a sacrificial altar of Ru.
  2748 | D:2      | Gained mutation: You have supernaturally acute eyesight.
                  | (SInv) [potion of mutation]
  2748 | D:2      | Gained mutation: You are partially covered in iridescent
                  | scales. (AC +2) [potion of mutation]
  2748 | D:2      | Gained mutation: You have a pair of small horns on your
                  | head. [potion of mutation]
  2748 | D:2      | Gained mutation: Your spells are a little harder to cast,
                  | but a little more powerful. [potion of mutation]
  2762 | D:2      | Reached skill level 4 in Air Magic
  2762 | D:2      | Reached XP level 5. HP: 33/38 MP: 0/11
  3025 | D:2      | Noticed Natasha
  3031 | D:2      | Killed Natasha
  3179 | D:3      | Noticed Grinder
  3197 | D:3      | Killed Grinder
  3197 | D:3      | Reached XP level 6. HP: 40/46 MP: 1/14
  3410 | D:3      | Noticed a +0 hand axe
  3411 | D:3      | Noticed a +0 hand axe
  3412 | D:3      | Found a hide-covered altar of Uskayaw.
  3454 | D:3      | Found a blossoming altar of Fedhas.
  3455 | D:3      | Noticed Jessica
  3458 | D:3      | Killed Jessica
  3458 | D:3      | Reached skill level 5 in Air Magic
  4143 | D:4      | Slain by an ogre

Skill      XL: |  1  2  3  4  5  6 |
---------------+-------------------+-----
Air Magic      | 3 4 5 |  5.1
Dodging        | 2 |  2.4
Spellcasting   | 2 3 |  3.6
Conjurations   | 1 2 3 |  3.1
Fighting       | |  0.3
Stealth        | |  1.8
Unarmed Combat | |  0.9

Action                   |  1- 3 |  4- 6 || total
-------------------------+-------+-------++-------
Melee: Unarmed           |    31 |     5 ||    36
       Headbutt          |       |     1 ||     1
 Cast: Shock             |    79 |    94 ||   173
       Static Discharge  |       |     6 ||     6
  Use: Scroll            |       |    12 ||    12
       Potion            |       |     3 ||     3
  Eat: Chunk             |     2 |     4 ||     6
       Ration            |       |     2 ||     2
Armor: Robe              |     4 |     7 ||    11
Dodge: Dodged            |    29 |    16 ||    45
Block: Other             |     7 |     3 ||    10
       Reflection        |     1 |       ||     1
